 Dungeon Crawl Stone Soup version 0.30.0-5-g1a98f26d00 (webtiles) character file.

Game seed: 15090825586438373471

104822 joshe the Eclecticist (level 15, -6/62 (64) HPs)
             Began as a Deep Elf Conjurer on May 10, 2023.
             Was a High Priest of Hepliaklqana.
             Mangled by a spark wasp (13 damage)
             ... on level 3 of the Spider Nest on May 11, 2023.
             The game lasted 03:13:33 (25559 turns).

joshe the Eclecticist (Deep Elf Conjurer)          Turns: 25559, Time: 03:13:34

HP:   -6/62 (64)    AC: 13    Str:  4    XL:     15   Next: 93%
MP:   17/38         EV: 24    Int: 31    God:    Hepliaklqana [*****.]
Gold: 1026          SH:  8    Dex: 22    Spells: 26/48 levels left

rFire   . . .        S - staff of conjuration
rCold   + . .        u - +2 buckler {rC+}
rNeg    . . .        G - +0 troll leather armour
rPois   .            (no helmet)
rElec   .            W - +1 cloak of Lies {Regen+ Dex+3 Slay+2}
rCorr   .            X - +2 pair of gloves {infuse}
SInv    .            Q - +2 pair of boots
Will    +....        J - amulet of magic regeneration
Stlth   +++          I - +6 ring of intelligence
HPRegen 1.90/turn    c - +5 ring of evasion
MPRegen 0.66/turn

%: infuse magic (1 MP)
@: slowed, lightly drained, very slow
A: reduced essence
a: Renounce Religion, Recall Ancestor, Ancestor Identity, Transference, Idealise


You were on level 3 of the Spider Nest.
You worshipped Hepliaklqana.
Hepliaklqana was extremely pleased with you.
You visited 5 branches of the dungeon, and saw 22 of its levels.
You also visited: Ice Cave.

You collected 1996 gold pieces.
You spent 970 gold pieces at shops.

Inventory:

Hand Weapons
 a - a +5 dagger of freezing
 T - the +9 staff of Olgreb {rPois∞}
   (You found it on level 7 of the Dungeon)

   It enhances your poison magic.
   It grants immunity to poison.
   It can be activated via the 'a'bility menu to radiate toxic energy, with
   effectiveness depending on Evocations skill.
Armour
 u - a +2 buckler of cold resistance (worn)
 D - a +2 leather armour of fire resistance
 G - a +0 troll leather armour (worn)
 Q - a +2 pair of boots (worn)
 W - the +1 cloak of Lies (worn) {Regen+ Dex+3 Slay+2}
   (You bought it in a shop on level 2 of the Orcish Mines)

   Dex:       It affects your dexterity (+3).
   Slay:      It affects your accuracy & damage with ranged weapons and melee
   (+2).
   Regen:     It increases your rate of health regeneration.
 X - a +2 pair of gloves of infusion (worn)
Magical Staves
 S - a staff of conjuration (weapon)
Jewellery
 c - a +5 ring of evasion (right hand)
 i - a ring of willpower
 m - a +5 ring of evasion
 y - a +6 ring of intelligence
 B - the ring of Bytor {rElec rF+ Str-2 Dex+6 Stlth+}
   (You took it off a necromancer on level 5 of the Lair of Beasts)

   [ring of dexterity]

   Str:       It affects your strength (-2).
   Dex:       It affects your dexterity (+6).
   rF:        It protects you from fire.
   rElec:     It insulates you from electricity.
   Stlth:     It makes you more stealthy.
 I - a +6 ring of intelligence (left hand)
 J - an amulet of magic regeneration (around neck)
 U - a ring of protection from fire
Wands
 n - a wand of mindburst (10)
 L - a wand of polymorph (3)
 N - a wand of roots (11)
 O - a wand of light (8)
 P - a wand of digging (5)
 V - a wand of paralysis (7)
 Y - a wand of flame (25)
Scrolls
 d - 3 scrolls of magic mapping
 f - 5 scrolls of immolation
 l - 5 scrolls of fog
 o - 3 scrolls of poison
 p - 2 scrolls of fear
 q - 8 scrolls of teleportation
 r - 2 scrolls of silence
 s - 4 scrolls of enchant armour
 v - 5 scrolls of identify
 w - 2 scrolls of torment
 A - 5 scrolls of enchant weapon
 F - 3 scrolls of amnesia
 H - a scroll of blinking
 K - 3 scrolls of acquirement
 Z - 2 scrolls of noise
Potions
 b - 2 potions of magic
 e - 3 potions of resistance
 g - 2 potions of brilliance
 h - 6 potions of haste
 j - 3 potions of heal wounds
 k - 7 potions of curing
 t - a potion of ambrosia
 x - 3 potions of might
 z - 2 potions of flight
 C - 4 potions of lignification
 E - a potion of berserk rage
 M - a potion of mutation


   Skills:
 - Level 6.0 Armour
 - Level 13.0 Dodging
 - Level 3.0 Stealth
 - Level 6.0 Shields
 - Level 17.0 Spellcasting
 - Level 14.0 Conjurations
 - Level 13.0 Hexes
 - Level 6.0 Translocations
 + Level 12.5 Fire Magic
 - Level 8.0 Invocations
 - Level 4.0 Evocations


You had 26 spell levels left.
You knew the following spells:

 Your Spells              Type           Power      Damage    Failure   Level
a - Magic Dart            Conj           100%       1d8       0%          1
b - Searing Ray           Conj           100%       2d8       1%          2
c - Fulminant Prism       Conj/Hex       52%        3d22      1%          4
d - Tukima's Dance        Hex            82%        N/A       1%          3
e - Iskenderun's Mystic   Conj/Tloc      93%        2d18      1%          4
f - Fireball              Conj/Fire      52%        3d20      1%          5
g - Dazzling Flash        Conj/Hex       100%       N/A       1%          3

Your spell library contained the following spells:

 Spells                   Type           Power      Damage    Failure   Level
 Apportation              Tloc           100%       N/A       1%          1
 Hailstorm                Conj/Ice       81%        3d16      1%          3
 Portal Projectile        Hex/Tloc       100%       N/A       1%          3
 Sticky Flame             Conj/Fire      100%       2d11      1%          4
 Ignite Poison            Fire/Tmut/Pois 51%        N/A       2%          3
 Freeze                   Ice            100%       1d10      4%          1
 Necrotise                Necr           100%       1d9       4%          1
 Vhi's Electric Charge    Tloc/Air       90%        N/A       4%          3
 Arcjolt                  Conj/Air       40%        1d50      7%          5
 Frozen Ramparts          Ice            52%        1d8       14%         3
 Vampiric Draining        Necr           26%        2d7       14%         3
 Animate Armour           Summ/Erth      52%        N/A       41%         4
 Animate Dead             Necr           26%        N/A       41%         4
 Ice Form                 Ice/Tmut       26%        N/A       41%         4
 Agony                    Necr           26%        N/A       77%         5
 Alistair's Intoxication  Tmut/Pois      17%        N/A       77%         5
 Blade Hands              Tmut           13%        N/A       77%         5
 Ignition                 Fire           40%        3d12      87%         8
 Simulacrum               Ice/Necr       13%        N/A       100%        6
 Haunt                    Necr/Summ      13%        N/A       100%        7
 Infestation              Necr           13%        N/A       100%        8
 Maxwell's Capacitive Co  Air            13%        ∞         100%        8


Dungeon Overview and Level Annotations

Branches:
Dungeon (11/15)            Temple (1/1) D:5            Lair (5/5) D:11
  Swamp (0/4) Lair:2       Spider (3/4) Lair:2        Slime (0/5) Lair:5
    Orc (2/2) D:9             Elf (0/3) Orc:2         IceCv (visited)

Altars:
Cheibriados
Dithmenos
Elyvilon
Fedhas
Gozag
Hepliaklqana
Kikubaaqudgha
Nemelex Xobeh
Qazlal
Ru
Sif Muna
Uskayaw
Vehumet
Wu Jian
Xom
Yredelemnul
Zin
The Shining One

Shops:
D:9 *   Orc:1 ?   Orc:2 [*[(

Portals:
Trove: D:10 (give 8 scrolls of fog)

Annotations:
D:7 1 runed translucent door


Message History

The wolf spider closely misses Zada.
Zada blocks the wolf spider's attack.
Something bites Zada!
Unknown command.
Casting: Iskenderun's Mystic Blast (dangerous; 1% risk of failure)
Confirm with . or Enter, or press ? or * to list all spells.
You feel a surge of power!
You erupt in a blast of force!
The mystic blast hits the pharaoh ant!
The pharaoh ant is moderately damaged.
The mystic blast hits the demonic crawler!
The demonic crawler is moderately wounded.
The demonic crawler is knocked back by the mystic blast.
The demonic crawler collides with the culicivora!
You kill the culicivora!
The demonic crawler is heavily wounded.
The mystic blast hits the spark wasp!
The spark wasp is severely wounded.
The spark wasp is knocked back by the mystic blast.
The spark wasp slams into the rock wall!
The spark wasp is almost dead.
You feel yourself speed up.
Something bites Zada but does no damage.
Zada blocks the wolf spider's attack.
The wolf spider bites Zada.
Zada is destroyed!
The pharaoh ant bites you!!
You feel drained.
A jumping spider comes into view.
A redback comes into view.
Being near the torpor snail leaves you feeling lethargic.
Unknown command.
Unknown command.
Casting: Iskenderun's Mystic Blast (dangerous; 1% risk of failure)
Confirm with . or Enter, or press ? or * to list all spells.
Okay, then.
The jumping spider leaps!
The demonic crawler barely misses you.
The demonic crawler completely misses you.
The demonic crawler misses you. The pharaoh ant misses you.
The spark wasp closely misses you. The demonic crawler closely misses you.
You block the demonic crawler's attack. The demonic crawler closely misses you.
The pharaoh ant misses you. The spark wasp stings you!!
* * * LOW HITPOINT WARNING * * *
The spark wasp shocks you!
You die...

#### ####..####
##..^..##.##
#......#...##
#.....y..^.#
##†..@....##
#..sBss.###
#..sss.s..#
#.s.s†..†....
#....†##ss....#
#..w### ......#
#s†# s.....#
°.. .....## ..
..####


You could see a spark wasp, a torpor snail, a demonic crawler, 3 wolf spiders, a
pharaoh ant, a jumping spider, a tarantella and 6 redbacks.

Vanquished Creatures
  A frost giant (IceCv)
  A ghost moth (Spider:1)
  An orc warlord (Orc:2)
  A stone giant (Orc:2)
  The ghost of Gedeb the Cleaver, a journeyman MiFi of Okawaru (Lair:2)
  4 hydras
  2 ogre magi (Orc:2)
  A jorogumo (Spider:2)
  7 boulder beetles
  10 two-headed ogres
  3 death yaks (IceCv)
  Amaemon (D:11)
  2 skysharks
  A deep troll (Orc:2)
  A spectral anaconda (Lair:5)
  3 pharaoh ants
  An obsidian statue (Lair:5)
  An orb spider (Lair:2)
  2 steelbarb worms
  A lindwurm (Lair:4)
  4 orc knights (Orc:1)
  4 necromancers (Lair:5)
  An ugly thing (IceCv)
  7 wolf spiders
  3 oklob plants (Lair:5)
  3 orc sorcerers
  A manticore (D:11)
  2 moths of wrath (Spider:2)
  5 cyclopes
  An ice statue (IceCv)
  Joseph (D:7)
  4 black mambas
  11 elephants
  A dire elephant zombie (Lair:5)
  2 gargoyles (D:11)
  12 cane toads
  An orange demon (D:11)
  5 demonic crawlers
  A dire elephant skeleton (Lair:5)
  5 torpor snails
  Maggie (D:9)
  7 komodo dragons
  7 rime drakes
  6 polar bears
  A hornet (D:9)
  7 tarantellas
  9 trolls
  A spectral elephant (Lair:5)
  4 blink frogs (Lair:1)
  11 dream sheep
  8 culicivoras
  4 dancing weapons
  13 jumping spiders
  A vampire (D:11)
  40 yaks
  3 wyverns
  2 wraiths
  Grum (D:9)
  4 vampire mosquitoes (D:11)
  5 basilisks
  23 redbacks
  2 steam dragons
  A spectral cane toad (Lair:5)
  3 wargs
  A two-headed ogre zombie (D:9)
  An acid dragon (D:9)
  2 swamp worms (Lair:2)
  An ice beast (D:5)
  11 water moccasins
  17 orc warriors
  3 sky beasts
  6 black bears
  14 wolves
  An elephant zombie (Lair:5)
  An elephant skeleton (Lair:5)
  20 ogres
  3 centaurs
  3 phantoms
  2 kobold brigands
  7 bullfrogs
  A gnoll sergeant (D:10)
  A cane toad simulacrum (Lair:5)
  8 scorpions
  5 wights (D:8)
  A troll zombie (D:9)
  7 killer bees (D:7)
  4 elephant simulacra (Lair:5)
  An electric eel (Lair:4)
  A howler monkey (D:6)
  11 orc priests
  6 hounds
  2 jellies
  A sleepcap (D:6)
  2 iguanas
  2 gnoll boudas
  16 orc wizards
  5 ogre zombies (D:9)
  10 adders
  17 gnolls
  2 shadow imps (D:5)
  4 white imps
  A worm (D:2)
  5 dart slugs
  72 orcs
  3 ball pythons (D:1)
  9 endoplasms
  4 giant cockroaches
  2 hobgoblins (D:2)
  6 jackals (D:2)
  15 kobolds
  2 quokkas
  5 bats
  7 frilled lizards
  6 goblins
  5 goblin zombies (D:9)
  A hobgoblin skeleton (D:9)
  3 hobgoblin zombies (D:9)
  13 orc zombies (D:9)
  6 rats
648 creatures vanquished.

Vanquished Creatures (collateral kills)
  Arachne (Spider:2)
  A radroach (Spider:2)
  3 boulder beetles
  A two-headed ogre (D:10)
  A death yak (IceCv)
  2 pharaoh ants (Spider:2)
  A spectral death yak (Lair:5)
  A deep troll (Orc:2)
  2 steelbarb worms
  An elephant (Lair:1)
  A cyclops (D:11)
  An unseen horror (D:10)
  A dire elephant skeleton (Lair:5)
  3 rime drakes (IceCv)
  A komodo dragon (Lair:2)
  2 cane toads
  A polar bear (IceCv)
  A troll (Orc:2)
  A tarantella (Spider:3)
  A dream sheep (Lair:5)
  A jumping spider (Spider:2)
  2 culicivoras (Spider:2)
  A shadow (D:9)
  6 yaks
  2 redbacks
  2 wargs
  2 water moccasins
  3 orc warriors
  A wolf (D:9)
  5 centaurs
  3 ogres
  A kobold brigand (D:8)
  A bullfrog (D:9)
  A scorpion (D:7)
  2 wights (D:8)
  An orc priest (D:9)
  An ogre zombie (D:9)
  A gnoll (D:10)
  A white imp (D:8)
  7 orcs
  3 orc zombies (D:9)
74 creatures vanquished.

Vanquished Creatures (others)
  4 dancing weapons
  4 ancestors (D:9)
  6 knights
  238 fulminant prisms
252 creatures vanquished.

Grand Total: 974 creatures vanquished

Notes
Turn   | Place    | Note
-------+----------+-------------------------------------------
     0 | D:1      | joshe the Deep Elf Conjurer began the quest for the Orb.
     0 | D:1      | Reached XP level 1. HP: 10/10 MP: 6/6
   222 | D:1      | Reached XP level 2. HP: 15/15 MP: 4/8
   229 | D:1      | Learned a level 2 spell: Searing Ray
   390 | D:1      | Found a faded altar of an unknown god.
   483 | D:1      | Reached skill level 5 in Conjurations
   812 | D:2      | Reached XP level 3. HP: 19/19 MP: 0/10
  1105 | D:2      | Reached skill level 4 in Spellcasting
  1467 | D:2      | Identified the amulet of Tedon {Faith Will+}
  1472 | D:2      | Reached XP level 4. HP: 24/24 MP: 10/12
  1965 | D:3      | Learned a level 4 spell: Fulminant Prism
  1969 | D:3      | Learned a level 3 spell: Tukima's Dance
  1988 | D:3      | Reached skill level 1 in Hexes
  2735 | D:3      | Reached XP level 5. HP: 28/28 MP: 9/13
  3370 | D:4      | Reached XP level 6. HP: 32/32 MP: 12/14
  3403 | D:4      | Noticed a sky beast
  3406 | D:4      | Killed a sky beast
  3965 | D:4      | Reached skill level 5 in Spellcasting
  4245 | D:4      | Reached XP level 7. HP: 36/36 MP: 11/16
  4603 | D:4      | Reached skill level 5 in Hexes
  4843 | D:5      | Entered Level 5 of the Dungeon
  4874 | D:5      | Reached skill level 6 in Spellcasting
  5396 | D:5      | Found a staircase to the Ecumenical Temple.
  5437 | D:5      | Found a shadowy altar of Dithmenos.
  5457 | Temple   | Entered the Ecumenical Temple
  5476 | Temple   | Became a worshipper of Hepliaklqana the Forgotten
  5629 | D:5      | Reached XP level 8. HP: 32/41 MP: 12/20
  5683 | D:5      | Reached skill level 7 in Spellcasting
  5683 | D:5      | Reached skill level 1 in Invocations
  5927 | D:5      | Found a glowing golden altar of the Shining One.
  5927 | D:5      | Found a white marble altar of Elyvilon.
  5939 | D:5      | Found a sacrificial altar of Ru.
  5979 | D:5      | Found a sparkling altar of Nemelex Xobeh.
  5981 | D:5      | Found a faded altar of an unknown god.
  6021 | D:5      | Found a snail-covered altar of Cheibriados.
  6064 | D:5      | Learned a level 4 spell: Iskenderun's Mystic Blast
  6202 | D:5      | Reached skill level 5 in Dodging
  6202 | D:5      | Reached skill level 1 in Translocations
  6794 | D:6      | Reached skill level 1 in Evocations
  7290 | D:7      | Found the +9 staff of Olgreb {rPois∞}
  7371 | D:7      | Noticed Joseph
  7386 | D:7      | Killed Joseph
  7387 | D:7      | Reached skill level 8 in Spellcasting
  7387 | D:7      | Reached XP level 9. HP: 37/45 MP: 1/23
  7560 | D:7      | Reached skill level 1 in Armour
  7806 | D:7      | Reached skill level 9 in Spellcasting
  8365 | D:7      | Found a runed translucent gate.
  8365 | D:7      | Found a runed translucent gate.
  8366 | D:7      | Found a runed translucent door.
  8380 | D:7      | Found a runed translucent gate.
  8414 | D:7      | Found a runed translucent door.
  8517 | D:7      | Reached * piety under Hepliaklqana
  8624 | D:8      | Reached skill level 10 in Spellcasting
  9655 | D:9      | Reached XP level 10. HP: 45/45 MP: 17/26
  9774 | D:9      | Reached skill level 11 in Spellcasting
  9884 | D:9      | Reached skill level 12 in Spellcasting
  9966 | D:9      | Found Fanusak's Assorted Antiques.
 10027 | D:9      | Bought a scroll of identify for 50 gold pieces
 10137 | D:9      | Reached skill level 10 in Dodging
 10193 | D:9      | Noticed Grum
 10197 | D:9      | Noticed Maggie
 10213 | D:9      | Killed Grum
 10214 | D:9      | Reached XP level 11. HP: 48/48 MP: 8/29
 10214 | D:9      | Killed Maggie
 10308 | D:9      | Reached ** piety under Hepliaklqana
 10309 | D:9      | Remembered your ancestor Zada as a knight
 10340 | D:9      | Found a staircase to the Orcish Mines.
 10442 | D:9      | Found an ancient bone altar of Kikubaaqudgha.
 10488 | D:9      | Found an opulent altar of Gozag.
 10662 | D:10     | Entered Level 10 of the Dungeon
 10662 | D:10     | Noticed a two-headed ogre
 10667 | D:10     | Killed a two-headed ogre
 10668 | D:10     | Reached skill level 10 in Hexes
 11070 | D:10     | Found a portal to a secret trove of treasure.
 11291 | D:11     | Reached skill level 13 in Spellcasting
 11547 | D:11     | Noticed Amaemon
 11755 | D:11     | Found a staircase to the Lair.
 11865 | D:11     | Noticed a boulder beetle
 11887 | D:11     | Killed a boulder beetle
 11902 | D:11     | Reached skill level 10 in Conjurations
 12100 | D:11     | Identified 4 scrolls of acquirement
 12100 | D:11     | Acquired the scarf of Sif Muna {+Inv, rC+ Int+3 Slay-6}
 12114 | D:11     | Acquired a staff of conjuration
 12260 | D:11     | Noticed a two-headed ogre
 12270 | D:11     | Killed a two-headed ogre
 12273 | D:11     | Killed Amaemon
 12324 | D:11     | Reached skill level 5 in Invocations
 12324 | D:11     | Reached XP level 12. HP: 53/53 MP: 28/31
 12505 | D:7      | Reached skill level 14 in Spellcasting
 12818 | Lair:1   | Entered Level 1 of the Lair of Beasts
 12824 | Lair:1   | Reached *** piety under Hepliaklqana
 12838 | Lair:1   | Got the Excursus on the Gathering and Anthracomancy
 12845 | Lair:1   | Learned a level 5 spell: Fireball
 12890 | Lair:1   | Reached skill level 1 in Fire Magic
 13077 | Lair:1   | Identified the +6 war axe "Bifrooliu" {freeze, rPois}
 13124 | Lair:1   | Reached skill level 5 in Fire Magic
 14014 | Lair:2   | Noticed a five-headed hydra
 14014 | Lair:2   | Noticed a seven-headed hydra
 14024 | Lair:2   | Killed a five-headed hydra
 14025 | Lair:2   | Killed a seven-headed hydra
 14457 | Lair:2   | Found a staircase to the Swamp.
 14605 | Lair:2   | Found a runed translucent door.
 14761 | Lair:2   | Found a hole to the Spider Nest.
 14831 | Lair:2   | Found a shimmering altar of Xom.
 14831 | Lair:2   | Noticed Gedeb's ghost (journeyman MiFi)
 14941 | Lair:2   | Killed Gedeb's ghost
 14942 | Lair:2   | Reached skill level 10 in Fire Magic
 15055 | Lair:3   | Reached XP level 13. HP: 46/56 MP: 22/33
 15366 | Lair:3   | Reached skill level 15 in Spellcasting
 15649 | Lair:3   | Reached **** piety under Hepliaklqana
 15889 | Lair:4   | Found a basalt altar of Yredelemnul.
 17135 | Lair:4   | Reached skill level 16 in Spellcasting
 17638 | Lair:5   | Entered Level 5 of the Lair of Beasts
 17647 | Lair:5   | Found a frozen archway.
 17656 | IceCv    | Entered an ice cave
 17679 | IceCv    | Reached skill level 17 in Spellcasting
 17727 | IceCv    | Reached ***** piety under Hepliaklqana
 18142 | IceCv    | Reached XP level 14. HP: 61/61 MP: 23/37
 18186 | IceCv    | Noticed a frost giant
 18190 | IceCv    | Killed a frost giant
 18442 | Lair:5   | Reached skill level 1 in Shields
 18799 | Lair:5   | Found a staircase to the Slime Pits.
 19794 | Lair:5   | Identified the ring of Bytor {rElec rF+ Str-2 Dex+6 Stlth+}
 20435 | Orc:1    | Entered Level 1 of the Orcish Mines
 20523 | Orc:1    | Found a runed translucent door.
 20860 | Orc:1    | Found a transporter.
 20884 | Orc:1    | Found Rana's Magic Scroll Shoppe.
 21317 | Orc:1    | Found a transporter.
 21331 | Orc:1    | Bought a scroll of identify for 24 gold pieces
 21331 | Orc:1    | Bought a scroll of identify for 24 gold pieces
 21331 | Orc:1    | Bought 3 scrolls of identify for 72 gold pieces
 21331 | Orc:1    | Bought a scroll of identify for 24 gold pieces
 21331 | Orc:1    | Bought a scroll of fog for 48 gold pieces
 21331 | Orc:1    | Bought a scroll of noise for 12 gold pieces
 21331 | Orc:1    | Bought a scroll of blinking for 90 gold pieces
 21331 | Orc:1    | Bought a scroll of fog for 48 gold pieces
 21544 | Orc:2    | Entered Level 2 of the Orcish Mines
 21683 | Orc:2    | Noticed a stone giant
 21690 | Orc:2    | Paralysed by an ogre mage for 2 turns
 21818 | Orc:2    | Noticed an orc warlord
 21892 | Orc:2    | Reached skill level 5 in Armour
 21901 | Orc:2    | Killed a stone giant
 21902 | Orc:2    | Reached skill level 5 in Shields
 21902 | Orc:2    | Reached XP level 15. HP: 14/64 MP: 26/38
 22334 | Orc:2    | Found a staircase to the Elven Halls.
 22396 | Orc:2    | Found Niest's Assorted Antiques.
 22396 | Orc:2    | Found Eshi's Antique Weapon Shoppe.
 22401 | Orc:2    | Found Loll's Armour Boutique.
 22410 | Orc:2    | Found Busem's Antique Armour Emporium.
 22419 | Orc:2    | Bought a pair of embroidered gloves for 255 gold pieces
 22434 | Orc:2    | Bought a transparent cloak for 323 gold pieces
 22434 | Orc:2    | Identified the +1 cloak of Lies {Regen+ Dex+3 Slay+2} (You
                  | bought it in a shop on level 2 of the Orcish Mines)
 22860 | Spider:1 | Entered Level 1 of the Spider Nest
 23147 | Lair:2   | Learned a level 3 spell: Dazzling Flash
 23169 | Spider:1 | Reached skill level 5 in Translocations
 24764 | Spider:2 | Noticed Arachne
 24834 | Spider:2 | Killed Arachne
 25559 | Spider:3 | Mangled by a spark wasp

Illustrated notes

Levels and vault maps discovered:
D:1:      dpeg_arrival_tiny_f, layout_rooms,
          dreamdust_ecumenical_altar_angels_and_demons
D:2:      layout_loops_ring
D:3:      layout_basic, minmay_misc_feat_tower
D:4:      layout_loops_ring
D:5:      black_bear_nest_1, layout_basic, mainiacjoe_overflow_tiny_flanked,
          amcnicky_altar_gilded, chequers_temple_overflow_minitemple,
          minmay_temple_entry_stoned_glass
D:6:      layout_basic
D:7:      layout_rooms, minmay_guarded_unrand_staff_of_olgreb, uniq_joseph
D:8:      layout_cave_pools, serial_ice, serial_ice_d, serial_ice_m,
          serial_ice_e, serial_ice_c
D:9:      layout_rooms, mainiacjoe_overflow_alcove_1, marbit_many_paths,
          zombieorc2_lemuel, serial_shops, shop_statue,
          chequers_serial_rivers_room_a, uniq_maggie, uniq_grum
D:10:     layout_roguey, nicolae_overflow_hidden_temple, enter_trove_0
D:11:     layout_loops_ring, lair_entry_dummy, uniq_amaemon
Temple:   compressed_dpeg_triangle_lava_temple
Lair:1:   layout_loops_ring, lemuel_fruit_tree
Lair:2:   layout_gridlike, palyth_hydra_swamp_entry,
          nicolae_spider_entry_orb_guardian, ebering_ghost_xom,
          grunt_megastairs_1
Lair:3:   layout_concentric_octagons, beast_lair_carwin_5, grunt_megastairs_2
Lair:4:   layout_layer_cave, serial_forest, infiniplex_forest_straight_5,
          infiniplex_forest_lined_room_2, infiniplex_forest_clump_small,
          infiniplex_forest_3_way, infiniplex_forest_lined_corner,
          infiniplex_forest_clump_small, lemuel_centaur_altar,
          grunt_megastairs_3, infiniplex_staircase_pool
Lair:5:   due_jungle_book, layout_cave_shapes, minmay_slime_entry_oklob_open,
          portal_ice_cave_entry_pillars_2, grunt_forest_small_clearing_treed
Spider:1: layout_spider_delve, nicolae_spider_rock_and_or_roll
Spider:2: layout_spider_delve, uniq_arachne
Spider:3: layout_spider_delve, nicolae_spider_spiderdrome, uniq_bai_suzhen,
          uniq_kirke
Orc:1:    layout_diamond_mine, serial_shops, nicolae_shop_drivethru,
          lightli_church_of_beogh
Orc:2:    st_orc_open, layout_diamond_mine, nicolae_orc_rockfall

Skill      XL: |  1  2  3  4  5  6  7  8  9 10 11 12 13 14 15 |
---------------+----------------------------------------------+-----
Conjurations   | 5 6 7 8 10 12 14 | 14.0
Spellcasting   | 4 5 6 8 10 12 13 14 17 | 17.0
Hexes          | 2 3 4 6 7 9 11 12 13 | 13.0
Dodging        | 4 5 8 10 11 13 | 13.0
Invocations    | 3 4 5 6 8 |  8.0
Translocations | 4 6 |  6.0
Evocations     | 3 4 |  4.0
Armour         | 3 5 6 |  6.0
Stealth        | 3 |  3.0
Fire Magic     | 10 12 | 12.5
Shields        | 5 6 |  6.0

Action                     |  1- 3 |  4- 6 |  7- 9 | 10-12 | 13-15 || total
---------------------------+-------+-------+-------+-------+-------++-------
  Melee: Dagger            |       |     2 |    16 |     1 |       ||    19
         Staff             |       |       |       |     1 |     2 ||     3
   Cast: Magic Dart        |    56 |    58 |    94 |    64 |    39 ||   311
         Searing Ray       |     6 |    23 |    47 |    30 |    16 ||   122
         Fulminant Prism   |       |     6 |    24 |   107 |   101 ||   238
         Tukima's Dance    |       |     5 |    16 |     7 |    13 ||    41
         Iskenderun's Myst |       |       |     8 |    24 |    41 ||    73
         Fireball          |       |       |       |    19 |   299 ||   318
 Invoke: Recall Ancestor   |       |       |       |     2 |     4 ||     6
         Ancestor Life: Kn |       |       |       |     1 |       ||     1
  Evoke: Wand              |       |       |       |     1 |     9 ||    10
    Use: Scroll            |       |     3 |     5 |     9 |    16 ||    33
         Potion            |       |       |       |       |     3 ||     3
 Armour: Robe              |     2 |     2 |     7 |       |       ||    11
         Leather armour    |       |       |     2 |     3 |     3 ||     8
         Troll leather arm |       |       |       |       |     4 ||     4
  Dodge: Dodged            |    15 |    15 |    41 |    18 |    47 ||   136
  Block: Buckler           |       |       |       |       |    14 ||    14
